 Dungeon Crawl Stone Soup version 0.29-a0-266-gf56f883ddd (webtiles) character file.

Game seed: 3061543584133421503

151 Crownlay the Digger (level 5, 0/28 HPs)
             Began as a Gargoyle Earth Elementalist on Mar 6, 2022.
             Was an Initiate of Vehumet.
             Slain by an orc
             ... wielding a +0 club
              (1 damage)
             ... on level 4 of the Dungeon.
             The game lasted 00:05:44 (3794 turns).

Crownlay the Digger (Gargoyle Earth Elementalist)   Turns: 3794, Time: 00:05:44

Health: 0/28       AC:  6    Str: 12    XL:     5   Next: 33%
Magic:  8/11       EV: 11    Int: 17    God:    Vehumet [......]
Gold:   124        SH:  0    Dex: 10    Spells: 6/12 levels left

rFire   . . .      SeeInvis .   e - +1 short sword
rCold   . . .      Faith    .   (no shield)
rNeg    + . .      Spirit   .   b - +0 robe
rPois   ∞          Reflect  .   (no helmet)
rElec   +          Harm     .   (no cloak)
rCorr   .          Rampage  .   (no gloves)
Will    .....                   (no boots)
Stlth   ++........              (no amulet)
HPRegen 0.09/turn               (no ring)
MPRegen 0.12/turn               (no ring)

@: no status effects
A: sickness immunity, AC +4, negative energy resistance 1, electricity
resistance, torment resistance 1, petrification resistance
a: Renounce Religion


You were on level 4 of the Dungeon.
You worshipped Vehumet.
Vehumet was noncommittal.
You visited 2 branches of the dungeon, and saw 5 of its levels.

You collected 138 gold pieces.
You spent 14 gold pieces at shops.

Inventory:

Hand Weapons
 e - a +1 short sword (weapon)
Missiles
 a - 65 stones
Armour
 b - a +0 robe (worn)
Magical Staves
 n - a staff of conjuration
Scrolls
 f - 2 scrolls of identify {unknown}
 h - 2 scrolls of enchant weapon
 i - 2 scrolls of enchant armour {unknown}
 j - a scroll of torment {unknown}
 k - a scroll of fog {unknown}
 l - a scroll of amnesia {unknown}
 p - a scroll of holy word {unknown}
Potions
 c - a potion of magic
 d - 8 potions of curing {unknown}
 g - a potion of berserk rage {unknown}
 m - 2 potions of flight {unknown}
 o - a potion of brilliance {unknown}


   Skills:
 - Level 1.5 Dodging
 - Level 2.1 Stealth
 * Level 4.2 Spellcasting
 - Level 0.7 Transmutations
 + Level 5.0 Earth Magic


You had 6 spell levels left.
You knew the following spells:

 Your Spells              Type           Power      Damage    Failure   Level
a - Sandblast             Erth           40%        2d10      1%          1
b - Passwall              Tmut/Erth      10%        N/A       7%          2
c - Stone Arrow           Conj/Erth      24%        3d8       17%         3

Your spell library contained the following spells:

 Spells                   Type           Power      Damage    Failure   Level
 Shock                    Conj/Air       12%        1d3       16%         1
 Slow                     Hex            12%        N/A       16%         1
 Confusing Touch          Hex            3%         N/A       43%         3
 Swiftness                Air            3%         N/A       43%         3
 Vampiric Draining        Necr           3%         2d6       43%         3
 Petrify                  Tmut/Erth      13%        N/A       43%         4
 Airstrike                Air            1%         N/A       83%         4


Dungeon Overview and Level Annotations

Branches:
Dungeon (4/15)             Temple (1/1) D:4

Altars:
Ashenzari
Dithmenos
Fedhas
Gozag
Trog
Vehumet
Zin
The Shining One

Shops:
D:3 [(!

Annotations:
D:3 1 runed translucent door, Inarius's ghost, amateur DsFi


Innate Abilities, Weirdness & Mutations

You are immune to sickness and miasma.
Your stone body is resilient. (AC +4)
You are immune to poison.
You resist negative energy. (rN+)
You are resistant to electric shocks. (rElec)
You are resistant to unholy torment.
You are immune to petrification.


Message History

You are confused.
The orc hits you with a +0 club.
* * * LOW HITPOINT WARNING * * *
The orc hits you with a +2 falchion of holy wrath.
* * * LOW HITPOINT WARNING * * *
You're too confused to cast spells.
You are too confused!
You're too confused to move!
The orc hits you but does no damage. The orc wizard misses you.
The orc completely misses you. The orc misses you.
The orc wizard casts a spell at you. The puff of flame misses you.
The orc attacks as you move away! The orc misses you.
The orc attacks as you move away! The orc hits you with a +0 club.
* * * LOW HITPOINT WARNING * * *
The orc wizard attacks as you move away!
The orc wizard hits you but does no damage.
The orc closely misses you. The orc barely misses you.
The orc wizard casts a spell at you.
The puff of flame hits you but does no damage.
The orc wizard attacks as you move away!
The orc wizard hits you but does no damage.
You feel less confused.
Your magical contamination has completely faded away.
Casting: Sandblast (safe; 1% risk of failure)
Confirm with . or Enter, or press ? or * to list all spells.
Aiming: Sandblast (safe; 1% risk of failure)
Press: ? - help, Shift-Dir - straight line, f/p - orc wizard
Aim: an orc wizard, wielding a +0 dagger and wearing a +0 robe (moderately wounded, 76% to hit)
The blast of sand misses the orc wizard.
The orc hits you but does no damage.
The orc wizard hits you with a +0 dagger.
* * * LOW HITPOINT WARNING * * *
Casting: Sandblast (safe; 1% risk of failure)
Confirm with . or Enter, or press ? or * to list all spells.
Aiming: Sandblast (safe; 1% risk of failure)
Press: ? - help, Shift-Dir - straight line, f/p - orc wizard
Aim: an orc wizard, wielding a +0 dagger and wearing a +0 robe (moderately wounded, 76% to hit)
The blast of sand misses the orc wizard.
The orc hits you with a +0 club.
You die...

#.....'..'.................#
#
#.....####.................#
# #.....#
#.................# #
#.....# #.................#
### #.....#
#.................# #..
####### #.................#
#.. ##########........# #..
############# #........# #..
.........oo@###........+ +..
.......)..o............# #..
..........o............###..
.......................'.'..
.......................###..
..................###### #..
............####### #..
............# ###
#############


You could see an orc wizard and 3 orcs.

Vanquished Creatures
  2 hounds (D:4)
  3 adders
  A dart slug (D:3)
  An orc (D:4)
  5 endoplasms
  3 giant cockroaches
  2 hobgoblins
  2 jackals (D:4)
  13 kobolds
  2 quokkas
  4 ball pythons
  6 bats
  5 frilled lizards
  8 goblins
  5 rats
62 creatures vanquished.

Notes
Turn   | Place    | Note
-------+----------+-------------------------------------------
     0 | D:1      | Crownlay the Gargoyle Earth Elementalist began the quest
                  | for the Orb.
     0 | D:1      | Reached XP level 1. HP: 10/10 MP: 3/3
   142 | D:1      | Reached XP level 2. HP: 13/15 MP: 0/5
   689 | D:1      | Reached skill level 4 in Earth Magic
   952 | D:1      | Reached XP level 3. HP: 16/19 MP: 7/7
  1259 | D:2      | Learned a level 2 spell: Passwall
  1263 | D:2      | Learned a level 3 spell: Stone Arrow
  1726 | D:2      | Reached XP level 4. HP: 24/24 MP: 9/9
  1769 | D:2      | Found a blossoming altar of Fedhas.
  1964 | D:3      | Found a glowing silver altar of Zin.
  1974 | D:3      | Found a shadowy altar of Dithmenos.
  1976 | D:3      | Found an opulent altar of Gozag.
  1993 | D:3      | Found a bloodstained altar of Trog.
  1998 | D:3      | Found Gutuo's Distillery.
  2025 | D:3      | Bought a potion of degeneration for 14 gold pieces
  2299 | D:3      | Found a runed translucent door.
  2342 | D:3      | Found Narr's Antique Armour Boutique.
  2428 | D:3      | Found a faded altar of an unknown god.
  2534 | D:3      | Found Kemam's Weapon Boutique.
  2756 | D:3      | Noticed Inarius's ghost (amateur DsFi)
  3093 | D:4      | Found a staircase to the Ecumenical Temple.
  3162 | Temple   | Entered the Ecumenical Temple
  3191 | Temple   | Became a worshipper of Vehumet
  3211 | D:4      | Reached XP level 5. HP: 13/28 MP: 7/11
  3406 | D:4      | Reached skill level 5 in Earth Magic
  3789 | D:4      | HP: 1/28 [orc/+0 club (1)]
  3794 | D:4      | Slain by an orc

Illustrated notes

Levels and vault maps discovered:
D:1:      ncdulo_smallfort, layout_rooms
D:2:      layout_rooms, basic_altar, minmay_domino_2
D:3:      layout_basic, lemuel_doored_altar,
          gammafunk_temple_overflow_forgotten, serial_shops, shop,
          nicolae_diamond_shop, nicolae_shop_stone, ebering_ghost_sewer_d,
          ebering_ecumenical_altar_hall
D:4:      layout_basic, fedhas_altar_4, minmay_temple_entry_sparse_star
Temple:   dpeg_chambers_temple

Skill      XL: |  1  2  3  4  5 |
---------------+----------------+-----
Earth Magic    | 4 5 |  5.0
Spellcasting   | 3 4 |  4.2
Dodging        | |  1.5
Stealth        | |  2.1
Transmutations | |  0.7

Action                   |  1- 3 |  4- 6 || total
-------------------------+-------+-------++-------
Melee: Unarmed           |    14 |       ||    14
       Short sword       |   107 |   108 ||   215
       Punch             |     2 |       ||     2
 Cast: Sandblast         |    10 |    15 ||    25
  Use: Scroll            |       |     1 ||     1
 Stab: Sleeping          |     4 |     1 ||     5
Armor: Robe              |    51 |    47 ||    98
Dodge: Dodged            |    96 |    75 ||   171

Table legend: (Time is in decaauts)
 A = Elapsed time spent in this place.
 B = Non-inter-level travel time spent in this place.
 C = Inter-level travel time spent in this place.
 D = Time resting spent in this place.
 E = Time spent auto-exploring this place.
 F = Levels seen in this place.
 G = Mean time per level.
                   A        B        C        D        E       F      G
               +--------+--------+--------+--------+--------+-----+--------+
         Total |   3814 |   3737 |     77 |      0 |   3105 |   5 |  762.8 |
       Dungeon |   3776 |   3707 |     69 |      0 |   3088 |   4 |  944.0 |
        Temple |     37 |     29 |      8 |      0 |     17 |   1 |   37.0 |
               +--------+--------+--------+--------+--------+-----+--------+

Top non-repeatable levels by time:
     D:1: 1251 daAuts
     D:4: 985 daAuts
     D:3: 856 daAuts
     D:2: 683 daAuts
  Temple: 37 daAuts
